 Dungeon Crawl Stone Soup version 0.27-a0-931-g5a74e75d8f (webtiles) character file.

Game seed: 4538897682501499139

56 Alarkh the Insei (level 3, 0/28 HPs)
             Began as a Demonspawn Gladiator on Apr 10, 2021.
             Succumbed to a goblin's poison
             ... on level 2 of the Dungeon.
             The game lasted 00:01:28 (2011 turns).

Alarkh the Insei (Demonspawn Gladiator)             Turns: 2011, Time: 00:01:28

Health: 0/28       AC:  4    Str: 14    XL:     3   Next: 71%
Magic:  3/3        EV: 12    Int: 10    God:
Gold:   55         SH:  0    Dex: 14    Spells: 2/2 levels left

rFire    . . .     SeeInvis .     - Unarmed
rCold    . . .     Faith    .   (no shield)
rNeg     . . .     Spirit   .   a - +0 leather armour
rPois    .         Reflect  .   b - +0 helmet
rElec    .         Harm     .   (no cloak)
rCorr    .         Rampage  .   (no gloves)
Will     .....                  (no boots)
Stlth    +.........             (no amulet)
HPRegen  0.09/turn              (no ring)
MPRegen  0.08/turn              (no ring)

@: lethally poisoned (0 -> -6), hasted, very quick
A: powered by pain 1
a: no special abilities


You were on level 2 of the Dungeon.
You visited 1 branch of the dungeon, and saw 2 of its levels.

You collected 55 gold pieces.

Inventory:

Missiles
 c - 3 throwing nets (quivered)
Armour
 a - a +0 leather armour (worn)
 b - a +0 helmet (worn)
Magical Staves
 d - a staff of air
Scrolls
 f - a scroll of torment {unknown}


   Skills:
 + Level 2.8 Fighting
 - Level 1.7 Throwing
 - Level 2.6 Dodging
 * Level 3.8 Unarmed Combat


You had 2 spell levels left.
You didn't know any spells.
Your spell library was empty.

Dungeon Overview and Level Annotations

Branches:
Dungeon (2/15)

Altars:

Annotations:
D:2 Robin


Innate Abilities, Weirdness & Mutations

You sometimes gain a little power by taking damage.


Message History

The hobgoblin is almost dead.
A goblin comes into view. It is wielding a +0 dagger.
You hit the hobgoblin.
You kill the hobgoblin!
You barely miss the goblin.
The goblin hits you with a +1 dagger of venom.
Robin of the Strong Arm comes into view.
They are wielding a +5 club.
You closely miss the goblin. You hit Robin.
Robin is moderately wounded.
The goblin hits you with a +1 dagger of venom.
You are poisoned.
A goblin comes into view. It is wielding a +0 club.
You barely miss Robin.
Robin is moderately wounded.
You feel very sick. The goblin barely misses you.
Robin hits you with a +5 club.
You are too injured to fight recklessly!
You are too injured to fight recklessly!
You are too injured to fight recklessly!
You are too injured to fight recklessly!
You are too injured to fight recklessly!
You are too injured to fight recklessly!
You are too injured to fight recklessly!
You are too injured to fight recklessly!
You are too injured to fight recklessly!
You are too injured to fight recklessly!
You are too injured to fight recklessly!
You are too injured to fight recklessly!
You are too injured to fight recklessly!
It was a potion of haste.
You feel yourself speed up.
You feel sick.
The goblin hits you with a +1 dagger of venom.
You hit the goblin but do no damage.
You feel sick.
You hit Robin.
Robin is moderately wounded.
You feel sick. The goblin barely misses you. Robin hits you with a +5 club!
* * * LOW HITPOINT WARNING * * *
You punch Robin!
Robin is almost dead.
You die...

#.#
#.#
#.#
#.#
#.#
#.# #
#.#
#g#g#
#gg@#
#.###
##


You could see Robin and 3 goblins.

Vanquished Creatures
  A worm (D:2)
  A dart slug (D:1)
  2 ball pythons
  An endoplasm (D:1)
  2 giant cockroaches (D:1)
  4 goblins (D:1)
  5 hobgoblins
  9 jackals
  5 kobolds
  2 quokkas (D:1)
  6 bats (D:1)
  A frilled lizard (D:1)
  7 rats (D:1)
46 creatures vanquished.

Notes
Turn   | Place    | Note
-------+----------+-------------------------------------------
     0 | D:1      | Alarkh the Demonspawn Gladiator began the quest for the
                  | Orb.
     0 | D:1      | Reached XP level 1. HP: 16/16 MP: 1/1
    73 | D:1      | Reached skill level 3 in Unarmed Combat
   385 | D:1      | Gained mutation: You sometimes gain a little power by
                  | taking damage. [demonic ancestry]
   385 | D:1      | Reached XP level 2. HP: 19/22 MP: 2/2
   821 | D:1      | Found a faded altar of an unknown god.
   999 | D:1      | Reached XP level 3. HP: 26/28 MP: 3/3
  2004 | D:2      | Noticed Robin
  2010 | D:2      | HP: 1/28 [Robin/+5 club (7)]
  2011 | D:2      | Succumbed to a goblin's poison

Illustrated notes

Levels and vault maps discovered:
D:1:      dpeg_arrival_connections, layout_basic, ebering_ecumenical_altar_rust,
          minmay_misc_feat_alley, st_stairs_3
D:2:      layout_basic, uniq_robin

Skill      XL: |  1 |
---------------+----+-----
Unarmed Combat | 3 |  3.8
Fighting       | |  2.8
Throwing       | |  1.7
Dodging        | |  2.6

Action                   || total
-------------------------++-------
Melee: Unarmed           ||   221
       Punch             ||     4
  Use: Potion            ||     1
 Stab: Sleeping          ||     4
Armor: Leather armour    ||    62
Dodge: Dodged            ||   154

Table legend: (Time is in decaauts)
 A = Elapsed time spent in this place.
 B = Non-inter-level travel time spent in this place.
 C = Inter-level travel time spent in this place.
 D = Time resting spent in this place.
 E = Time spent auto-exploring this place.
 F = Levels seen in this place.
 G = Mean time per level.
                   A        B        C        D        E       F      G
               +--------+--------+--------+--------+--------+-----+--------+
         Total |   1998 |   1903 |     95 |    231 |   1304 |   2 |  999.0 |
       Dungeon |   1998 |   1903 |     95 |    231 |   1304 |   2 |  999.0 |
               +--------+--------+--------+--------+--------+-----+--------+

Top non-repeatable levels by time:
     D:1: 1637 daAuts
     D:2: 361 daAuts
